 Dungeon Crawl Stone Soup version 0.31.0-1-g2c135a0 (webtiles) character file.

Game seed: 3079048504239139977

19450 flinslave4 the Brawler (level 12, -2/110 HPs)
             Began as a Troll Gladiator on Feb 26, 2024.
             Was a High Priest of Yredelemnul.
             Succumbed to a swamp dragon's poison gas
             ... on level 2 of the Lair of Beasts on Feb 28, 2024.
             The game lasted 00:53:44 (10672 turns).

flinslave4 the Brawler (Troll Gladiator)           Turns: 10672, Time: 00:53:44

Health: -2/110     AC: 12    Str: 27    XL:     12   Next: 36%
Magic:  11/11      EV: 13    Int:  4    God:    Yredelemnul [*****.]
Gold:   735        SH:  0    Dex: 13    Spells: 11/11 levels left

rFire   . .          .
                       - Unarmed
rCold   . . .        (no shield)
rNeg    . . .        K - +0 steam dragon scales
rPois   .            b - +0 hat
rElec   .            z - +0 cloak
rCorr   .            (gloves unavailable)
SInv    .            (boots unavailable)
Will    .....        I - amulet of regeneration
Stlth   +++          v - +4 ring of protection
HPRegen 1.98/turn    B - ring of flight
MPRegen 0.12/turn

%: no passive effects
@: lethally poisoned (-2 -> -12), flying
A: large, unfitting armour, claws 3, regeneration 1, shaggy fur 1, tough skin 1
a: Renounce Religion, Recall Undead Harvest, Dark Bargain, Drain Life, Bind Soul


You were on level 2 of the Lair of Beasts.
You worshipped Yredelemnul.
Yredelemnul was noncommittal.
You visited 2 branches of the dungeon, and saw 12 of its levels.

You collected 735 gold pieces.

Inventory:

Hand Weapons
 u - a +0 battleaxe of distortion
 w - a +0 whip of venom
 D - a +0 flail of draining
 E - a +2 whip of freezing
 N - a +1 flail of protection
 O - a +2 dagger
 P - a +4 short sword
Missiles
 c - 4 throwing nets
 d - 17 large rocks
 F - 33 poisoned darts
Armour
 b - a +0 hat (worn)
 z - a +0 cloak (worn)
 K - +0 steam dragon scales (worn)
Magical Staves
 J - a staff of death
Jewellery
 e - a ring of wizardry
 q - a ring of magical power
 v - a +4 ring of protection (left claw)
 B - a ring of flight (right claw)
 I - an amulet of regeneration (around neck)
 R - a ring of flight
 S - a ring of fire
 Z - a ring of fire
Wands
 s - a wand of flame (10)
 C - a wand of polymorph (14)
 G - a wand of acid (16)
 H - a wand of roots (24)
Scrolls
 f - 8 scrolls of identify
 g - a scroll of teleportation
 i - 2 scrolls of noise {unknown}
 k - 2 scrolls of silence {unknown}
 m - 3 scrolls of amnesia {unknown}
 n - a scroll of vulnerability {unknown}
 x - a scroll of enchant weapon {unknown}
 y - 2 scrolls of fear {unknown}
 M - 2 scrolls of immolation {unknown}
 Q - a scroll of torment {unknown}
 V - 2 scrolls of enchant armour {unknown}
 X - a scroll of poison {unknown}
 Y - a scroll of revelation {unknown}
Potions
 h - 3 potions of attraction
 j - 2 potions of heal wounds {unknown}
 l - 5 potions of curing {unknown}
 o - 2 potions of haste {unknown}
 p - 2 potions of lignification {unknown}
 r - a potion of brilliance {unknown}
 t - 3 potions of enlightenment {unknown}
 A - 4 potions of ambrosia {unknown}
 L - 2 potions of might {unknown}
 T - a potion of invisibility {unknown}
 U - a potion of mutation {unknown}
 W - a potion of berserk rage {unknown}
Miscellaneous
 a - a phial of floods


   Skills:
 + Level 4.9 Fighting
 + Level 2.3 Throwing
 + Level 8.6 Dodging
 + Level 4.5 Stealth
 + Level 15.8 Unarmed Combat


You had 11 spell levels left.
You didn't know any spells.
Your spell library contained the following spells:

 Spells                   Type           Power      Damage    Failure   Level
 Freeze                   Ice            0%         1d3       50%         1
 Kiss of Death            Conj/Necr      0%         2d5       50%         1
 Necrotise                Necr           0%         1d4       50%         1
 Shock                    Conj/Air       0%         1d3       50%         1
 Sting                    Conj/Alch      0%         1d3       50%         1
 Mercury Vapours          Alch/Air       0%         N/A       65%         2
 Sublimation of Blood     Necr           0%         N/A       65%         2
 Confusing Touch          Hex            0%         N/A       86%         3
 Frozen Ramparts          Ice            0%         1d1       86%         3
 Hailstorm                Conj/Ice       0%         3d5       86%         3
 Mephitic Cloud           Conj/Alch/Air  0%         N/A       86%         3
 Swiftness                Air            0%         N/A       86%         3
 Vampiric Draining        Necr           0%         2d6       86%         3
 Airstrike                Air            0%         2d(0-16)  99%         4
 Dispel Undead            Necr           0%         3d6       99%         4
 Martyr's Knell           Necr/Summ      0%         N/A       99%         4
 Olgreb's Toxic Radiance  Alch           0%         N/A       99%         4
 Petrify                  Alch/Erth      0%         N/A       99%         4
 Curse of Agony           Necr           0%         N/A       100%        5
 Freezing Cloud           Conj/Ice/Air   0%         6-21      100%        5
 Irradiate                Conj/Alch      0%         3d11      100%        5


Dungeon Overview and Level Annotations

Branches:
Dungeon (10/15)            Temple (0/1) D:4            Lair (2/5) D:10
    Orc (0/2) D:9
  Swamp: Lair:2-3    Shoals: Lair:2-3     Snake: Lair:2-3    Spider: Lair:2-3

Altars:
Dithmenos
Fedhas
Gozag
Kikubaaqudgha
Makhleb
Ru
Trog
Vehumet
Wu Jian
Xom
Yredelemnul


Innate Abilities, Weirdness & Mutations

You are too large for most types of armour.
You have claws for hands.
Your natural rate of healing is unusually fast.
You are covered in fur. (AC +1)
You have tough skin. (AC +1)


Message History

You are more poisoned.
You feel extremely sick. The swamp dragon bites you!
The swamp dragon claws you but does no damage.
The swamp dragon tramples you but does no damage.
Your water moccasin zombie bites the swamp dragon.
Your cane toad zombie hits the swamp dragon.
You barely miss the swamp dragon.
The swamp dragon is heavily wounded.
* * * LOW HITPOINT WARNING * * *
You feel extremely sick. The bullfrog hits your yak zombie.
Your yak zombie gores the bullfrog.
The swamp dragon bites you!
* * * LOW HITPOINT WARNING * * *
The swamp dragon claws you!
* * * LOW HITPOINT WARNING * * *
The swamp dragon closely misses you.
Your water moccasin zombie bites the swamp dragon.
You swap places.
* * * LOW HITPOINT WARNING * * *
You feel extremely sick. The bullfrog hits your yak zombie.
Your cane toad zombie barely misses the swamp dragon.
Your yak zombie gores the swamp dragon.
The bullfrog hits your yak zombie!
Your water moccasin zombie completely misses the swamp dragon.
The swamp dragon bites your yak zombie!!
The swamp dragon barely misses your yak zombie. x2
Your yak zombie barely misses the bullfrog.
* * * LOW HITPOINT WARNING * * *
You feel extremely sick. The bullfrog hits your yak zombie.
Your cane toad zombie hits the swamp dragon but does no damage.
Your water moccasin zombie bites the swamp dragon.
Your yak zombie gores the swamp dragon.
Your yak zombie barely misses the swamp dragon.
The swamp dragon bites your yak zombie. The swamp dragon claws your yak zombie.
The swamp dragon tramples your yak zombie.
Your yak zombie stumbles backwards!
Your yak zombie gores the bullfrog.
You die...
Your body rises from the dead as a mindless zombie.

#P.....................
##......................
...............)........
........................
..........>.............
........................
.........♣♣♣♣♣♣.........
.........♣ ♣♣........
.......@.♣ ♣♣.......
........Z♣ ♣♣......
......°Z.♣ ♣......
#......ZZ♣♣ ♣......
.......Z.Z♣ ♣......
##....FD..°♣ ~♣♣....
#.....Z...[.♣ ♣.....
##....##...... ♣.....
...... #........ ......


You could see a swamp dragon (distracted, ally target), a bullfrog (ally
target), a friendly water moccasin zombie, 4 friendly yak zombies, a friendly
cane toad zombie and a friendly blink frog zombie.

Vanquished Creatures
  A boulder beetle (D:10)
  A two-headed ogre (D:10)
  3 death yaks (D:10)
  Pikel (D:5)
  The ghost of HellaBrad the Cleaver, a novice HOMo of Uskayaw (D:6)
  A cyclops (D:9)
  Maurice (D:7)
  2 cane toads (Lair:2)
  5 komodo dragons
  2 blink frogs (Lair:2)
  Prince Ribbit (D:8)
  A slime creature (D:6)
  A vampire (D:8)
  Sigmund (D:3)
  A shadow (D:10)
  A wyvern (D:8)
  The ghost of samurai2 the Trooper, an amateur MiFi (D:3)
  14 yaks
  3 steam dragons
  An acid dragon (D:8)
  3 water moccasins
  A sky beast (D:7)
  5 orc warriors (D:9)
  3 black bears
  2 ogres (D:5)
  10 wolves (Lair:2)
  2 centaurs
  A phantom (D:6)
  2 bullfrogs
  3 kobold brigands
  2 scorpions
  A wyvern zombie (D:6)
  2 necrophages (D:6)
  11 wights
  A yak zombie (D:9)
  13 killer bees
  6 electric eels (D:9)
  A howler monkey (D:6)
  2 vampire bats
  2 bombardier beetles
  A crimson imp (D:7)
  2 bullfrog zombies (D:6)
  3 jellies
  7 orc priests
  3 gnoll boudas
  A human zombie (D:6)
  2 iguanas (D:7)
  3 sleepcaps
  Terence (D:3)
  10 orc wizards
  2 hell rats (D:10)
  2 mummies (D:6)
  A howler monkey zombie (D:6)
  12 adders
  23 gnolls
  2 river rats (D:10)
  6 shadow imps
  A white imp (D:6)
  4 ufetubi
  4 ribbon worms
  2 dart slugs (D:4)
  3 fire bats (D:5)
  33 orcs
  2 spectral bats (D:5)
  3 ball pythons
  A bat simulacrum (D:5)
  6 bat skeletons
  3 bat zombies
  6 endoplasms
  3 giant cockroaches
  12 goblins
  5 hobgoblins
  7 quokkas
  16 bats
  7 frilled lizards
  22 kobolds
  8 rats
345 creatures vanquished.

Vanquished Creatures (collateral kills)
  2 komodo dragons
  2 blink frogs (Lair:2)
  11 yaks
  A water moccasin (Lair:2)
  A centaur (D:9)
  2 bullfrogs
  2 wights (D:10)
  A vampire bat (D:10)
  An orc priest (D:9)
  2 river rats (D:10)
  4 orcs
  A kobold (D:7)
30 creatures vanquished.

Vanquished Creatures (others)
  A two-headed ogre zombie (D:10)
  A water moccasin zombie (D:9)
  4 wolf zombies (Lair:2)
  3 killer bee zombies (D:9)
  6 orc zombies
  3 river rat zombies (D:10)
  A goblin zombie (D:7)
  3 kobold zombies (D:7)
  2 quokka zombies (D:10)
24 creatures vanquished.

Grand Total: 399 creatures vanquished

Notes
Turn   | Place    | Note
-------+----------+-------------------------------------------
     0 | D:1      | flinslave4 the Troll Gladiator began the quest for the Orb.
     0 | D:1      | Reached XP level 1. HP: 19/19 MP: 0/0
   163 | D:1      | Reached XP level 2. HP: 23/27 MP: 1/1
   796 | D:2      | Reached XP level 3. HP: 20/35 MP: 2/2
   833 | D:2      | Reached skill level 4 in Unarmed Combat
   999 | D:2      | Reached XP level 4. HP: 42/42 MP: 3/3
  1560 | D:3      | Reached XP level 5. HP: 49/49 MP: 4/4
  1642 | D:3      | Noticed Sigmund
  1655 | D:3      | Killed Sigmund
  1656 | D:3      | Reached skill level 5 in Unarmed Combat
  1656 | D:3      | Reached XP level 6. HP: 49/57 MP: 5/5
  1998 | D:3      | Found a faded altar of an unknown god.
  2171 | D:3      | Noticed Terence
  2175 | D:3      | Killed Terence
  2176 | D:3      | Reached skill level 1 in Stealth
  2176 | D:3      | Reached skill level 6 in Unarmed Combat
  2205 | D:3      | Found a runed translucent gate.
  2206 | D:3      | Found a runed translucent gate.
  2207 | D:3      | Found a runed translucent gate.
  2207 | D:3      | Noticed samurai2's ghost (amateur MiFi)
  2242 | D:3      | Killed samurai2's ghost
  2243 | D:3      | Reached XP level 7. HP: 43/65 MP: 6/6
  2510 | D:4      | Reached skill level 7 in Unarmed Combat
  2569 | D:4      | Found a staircase to the Ecumenical Temple.
  3311 | D:5      | Entered Level 5 of the Dungeon
  3427 | D:5      | Noticed Pikel
  3440 | D:5      | Reached XP level 8. HP: 24/72 MP: 7/7
  3445 | D:5      | Killed Pikel
  3446 | D:5      | Reached skill level 8 in Unarmed Combat
  3451 | D:5      | Reached skill level 9 in Unarmed Combat
  3531 | D:5      | Found a transporter.
  3559 | D:5      | Found a transporter.
  3704 | D:5      | Reached skill level 5 in Dodging
  4182 | D:6      | Found a runed translucent gate.
  4182 | D:6      | Found a runed translucent gate.
  4182 | D:6      | Found a runed translucent gate.
  4184 | D:6      | Found an opulent altar of Gozag.
  4243 | D:6      | Found a radiant altar of Vehumet.
  4313 | D:6      | Reached XP level 9. HP: 80/80 MP: 8/8
  4612 | D:6      | Found a blossoming altar of Fedhas.
  4614 | D:6      | Found a shimmering altar of Xom.
  4713 | D:6      | Reached skill level 10 in Unarmed Combat
  5032 | D:6      | Found a basalt altar of Yredelemnul.
  5122 | D:6      | Became a worshipper of Yredelemnul the Dark
  5218 | D:6      | Noticed HellaBrad's ghost (novice HOMo)
  5236 | D:6      | Killed HellaBrad's ghost
  5237 | D:6      | Reached skill level 11 in Unarmed Combat
  5533 | D:7      | Noticed Maurice
  5571 | D:7      | Reached * piety under Yredelemnul
  5572 | D:7      | Maurice stole a +2 short sword of holy wrath
  5574 | D:7      | Maurice stole a ring of fire
  5575 | D:7      | Maurice stole 87 gold
  5577 | D:7      | Killed Maurice
  5578 | D:7      | Reached XP level 10. HP: 80/91 MP: 9/9
  5691 | D:7      | Found a flagged portal.
  5697 | D:7      | Reached ** piety under Yredelemnul
  5774 | D:7      | Reached *** piety under Yredelemnul
  5784 | D:7      | Found a sacrificial altar of Ru.
  5815 | D:7      | Found a shadowy altar of Dithmenos.
  6026 | D:7      | Found a burning altar of Makhleb.
  6232 | D:8      | Reached skill level 12 in Unarmed Combat
  6292 | D:8      | Noticed Prince Ribbit
  6317 | D:8      | Killed Prince Ribbit
  7055 | D:9      | Found an ornate altar of the Wu Jian Council.
  7072 | D:9      | Reached **** piety under Yredelemnul
  7184 | D:9      | HP: 4/92 [yak (5)]
  7187 | D:9      | Reached ***** piety under Yredelemnul
  7187 | D:9      | Reached skill level 13 in Unarmed Combat
  7187 | D:9      | Reached XP level 11. HP: 5/100 MP: 10/10
  7745 | D:9      | Found a staircase to the Orcish Mines.
  8656 | D:10     | Entered Level 10 of the Dungeon
  8703 | D:10     | Noticed a two-headed ogre
  8709 | D:10     | Killed a two-headed ogre
  8857 | D:10     | Noticed a death yak
  8859 | D:10     | Noticed a death yak
  8861 | D:10     | Noticed a death yak
  8872 | D:10     | Killed a death yak
  8883 | D:10     | Killed a death yak
  8884 | D:10     | Reached skill level 14 in Unarmed Combat
  8897 | D:10     | Killed a death yak
  8946 | D:10     | Noticed a boulder beetle
  8957 | D:10     | Killed a boulder beetle
  9061 | D:10     | Found a bloodstained altar of Trog.
  9136 | D:10     | Found a staircase to the Lair.
  9242 | D:10     | Found an ancient bone altar of Kikubaaqudgha.
  9324 | Lair:1   | Entered Level 1 of the Lair of Beasts
  9643 | Lair:1   | Reached skill level 15 in Unarmed Combat
 10115 | Lair:1   | Reached XP level 12. HP: 93/109 MP: 11/11
 10671 | Lair:2   | HP: 2/110 [poisoned by a swamp dragon (poison gas)]
 10672 | Lair:2   | Succumbed to a swamp dragon's poison gas

Illustrated notes

Levels and vault maps discovered:
D:1:      lightli_arrival_boilingwater, layout_loops_ring, dk_noncrumbling_2
D:2:      layout_basic, minmay_vboxes
D:3:      layout_basic, ebering_ghost_rock_garden,
          chequers_ecumenical_altar_lobes, minmay_misc_feat_doors, uniq_terence,
          uniq_sigmund
D:4:      layout_cave_pods, minmay_temple_entry_waves, serial_rivers,
          chequers_serial_rivers_small_a, chequers_serial_rivers_marsh,
          chequers_serial_rivers_micro_b, chequers_serial_rivers_room_a,
          hangedman_decor_opposing
D:5:      gammafunk_wand_slinger, layout_cave_pools, goddamned_bats, uniq_pikel
D:6:      layout_loops_corners, mainiacjoe_overflow_paths,
          lemuel_mausoleum_altar_yredelemnul, fedhas_bush_and_centaur_altar,
          mainiacjoe_overflow_catwalk, ebering_ghost_gozag, nrook_mini_vaults
D:7:      layout_loops_ring, makhleb_grotto_becter,
          mainiacjoe_overflow_concentric_impassable,
          lemuel_coloured_pillars_altar, enter_bailey_3, uniq_maurice
D:8:      layout_loops_ring, uniq_prince_ribbit1
D:9:      layout_loops_ring, nicolae_wu_jian_wuxing_cycle, erik_orc_2,
          lightli_minifort
D:10:     layout_basic, kennysheep_vampire_church, mainiacjoe_overflow_alcove_4,
          dpeg_lair_monsters
Lair:1:   layout_cave_pods, lemuel_fruit_tree
Lair:2:   layout_cave_shapes, mainiacjoe_swamp_entry_lozenge_pond,
          spider_nest_entry_web_field, grunt_megastairs_3

Skill      XL: |  1  2  3  4  5  6  7  8  9 10 11 12 |
---------------+-------------------------------------+-----
Throwing       | 2 |  2.3
Unarmed Combat | 4 5 6 7 9 11 13 15 | 15.8
Fighting       | 2 3 4 |  4.9
Dodging        | 3 4 5 6 7 8 |  8.6
Stealth        | 1 2 3 4 |  4.5

Action                     |  1- 3 |  4- 6 |  7- 9 | 10-12 || total
---------------------------+-------+-------+-------+-------++-------
  Melee: Unarmed           |    98 |   113 |   342 |   473 ||  1026
         Punch             |     2 |     3 |    12 |    37 ||    54
  Throw: Dart              |       |       |       |     2 ||     2
    Use: Potion            |       |       |     1 |       ||     1
         Scroll            |       |       |       |     2 ||     2
   Stab: Sleeping          |     2 |     3 |     7 |    10 ||    22
         Distracted        |       |       |     1 |     4 ||     5
         Betrayed ally     |       |       |       |     1 ||     1
 Armour: Robe              |    47 |    54 |   216 |       ||   317
         Steam dragon scal |       |       |    87 |   328 ||   415
  Dodge: Dodged            |    58 |    57 |   314 |   253 ||   682
